 Dungeon Crawl Stone Soup version 0.26.1-11-gd32895ea62 (webtiles) character file.

Game seed: 2954430497799160445

53 Zeld the Vandal (level 4, 29/29 HPs)
             Began as a Halfling Hunter on May 24, 2021.
             Quit the game on level 2 of the Dungeon on May 25, 2021.
             The game lasted 00:11:04 (2589 turns).

Zeld the Vandal (Halfling Hunter)                   Turns: 2589, Time: 00:11:05

Health: 29/29      AC:  3    Str: 14    XL:     4   Next: 10%
Magic:  4/4        EV: 15    Int:  9    God:
Gold:   56         SH:  0    Dex: 14    Spells: 3/3 levels left

rFire    . . .     SeeInvis .   a - +1 hunting sling
rCold    . . .     Faith    .   (shield restricted)
rNeg     . . .     Spirit   .   e - +0 leather armour
rPois    .         Reflect  .   (no helmet)
rElec    .         Harm     .   (no cloak)
rCorr    .         Rampage  .   (no gloves)
Will     .....                  (no boots)
Stlth    +.........             (no amulet)
HPRegen  0.09/turn              (no ring)
MPRegen  0.09/turn              (no ring)

@: no status effects
A: small, mutation resistance 1
a: no special abilities


You were on level 2 of the Dungeon.
You visited 1 branch of the dungeon, and saw 2 of its levels.

You collected 56 gold pieces.

Inventory:

Hand Weapons
 a - a +1 hunting sling (weapon)
 b - a +0 short sword
 k - a +0 vorpal hunting sling
Missiles
 c - 3 sling bullets (quivered ammo)
 d - 27 stones
Armour
 e - a +0 leather armour (worn)
 m - a cursed +0 leather armour
Scrolls
 g - 5 scrolls of remove curse {unknown}
 i - a scroll of fear {unknown}
 j - a scroll of random uselessness {unknown}
 l - a scroll of amnesia {unknown}
Potions
 f - 3 potions of curing {unknown}
 h - 2 potions of brilliance {unknown}
 n - a potion of flight {unknown}
 o - a potion of mutation {unknown}


   Skills:
 + Level 2.1 Fighting
 * Level 2.2 Short Blades
 * Level 6.5 Slings
 + Level 2.6 Dodging
 - Level 1.1 Stealth


You had 3 spell levels left.
You didn't know any spells.
Your spell library was empty.

Dungeon Overview and Level Annotations

Branches:
Dungeon (2/15)

Altars:


Innate Abilities, Weirdness & Mutations

You are small and have problems with some larger weapons.
You are somewhat resistant to further mutation.


Message History

o - a fizzy cyan potion;
c - 2 sling bullets (gained 1)
Found an orange potion.
You now have 56 gold pieces (gained 5).
c - 3 sling bullets (gained 1)
Found 2 gold pieces.
c - 4 sling bullets (gained 1)
There is a stone staircase leading up here.
You open the door.
There is an open door here.
You open the door.
There is an open door here.
A frilled lizard comes into view.
You shoot a sling bullet.
The sling bullet hits the frilled lizard but does no damage.
The frilled lizard hisses angrily.
You shoot a sling bullet.
The sling bullet hits the frilled lizard.
You kill the frilled lizard!
c - 3 sling bullets (gained 1) Are you sure you want to abandon this character and quit the game? (Confirm with "yes".)

## #.
#################.
#@................
#.###############.
#+# #. #. #. #. #.
########.
.........


There were no monsters in sight!

Vanquished Creatures
  A worm (D:2)
  A dart slug (D:1)
  A leopard gecko (D:1)
  5 giant cockroaches
  8 goblins
  3 hobgoblins
  A jackal (D:1)
  7 bats
  2 frilled lizards (D:2)
  9 kobolds
  7 rats
45 creatures vanquished.

Notes
Turn   | Place    | Note
-------+----------+-------------------------------------------
     0 | D:1      | Zeld the Halfling Hunter began the quest for the Orb.
     0 | D:1      | Reached XP level 1. HP: 14/14 MP: 1/1
   264 | D:1      | Reached skill level 6 in Slings
   270 | D:1      | Reached XP level 2. HP: 19/19 MP: 2/2
   293 | D:1      | Reached skill level 1 in Short Blades
   887 | D:1      | Reached XP level 3. HP: 24/24 MP: 3/3
  2116 | D:1      | Reached XP level 4. HP: 28/29 MP: 4/4
  2589 | D:2      | Quit the game

Illustrated notes

Levels and vault maps discovered:
D:1:      saegor_arrival_simple_b, layout_basic, chequers_serial_rivers_micro_a,
          wander_ebering_terrifying_dragon_lair
D:2:      layout_basic, minmay_hexomino_u4

Skill      XL: |  1  2  3 |
---------------+----------+-----
Slings         | 6 |  6.5
Short Blades   | 1 2 |  2.2
Fighting       | 2 |  2.1
Dodging        | |  2.6
Stealth        | |  1.1

Action                   |  1- 3 |  4- 6 || total
-------------------------+-------+-------++-------
Melee: Short sword       |    39 |    19 ||    58
 Fire: Hunting sling     |    62 |     2 ||    64
 Stab: Sleeping          |     3 |       ||     3
Armor: Leather armour    |    16 |     5 ||    21
Dodge: Dodged            |    57 |    16 ||    73
